AoeStats
← 上帝之鞭

Black Forest

508633228Analyzed
4v4 RM · 8d ago on Sep 23, 2026· 51m 6s· 8 players
Game mode
Random Map
Map size
Large (8 player)
Population
200
Speed
Normal
Resources
Standard
Victory
Conquest
Starting age
Dark Age
Ending age
Imperial Age
RankedLock teamsTeams togetherTeam positionsShared explorationLock speedFull tech treeHidden civsTurbo modeCheats
Victory
Defeat
🇻🇳 Japanese · Vietnam
974
+11
🇻🇳 Inca · Vietnam
947
+12
🇮🇳 Poles · India
929
+13
🇨🇳 Italians · China
886
+14
🇦🇺 Saxons · Australia
924
-14
🇺🇸 Danes · United States
892
-14
🇨🇳 Mongols · China
806
-11
🇹🇷 Turks · Türkiye
806
-11
495556203
0:29 Loom
11:59 Feudal Age
13:18 Wheelbarrow
12:27 Horse Collar
12:35 Double-Bit Axe
12:43 Gold Mining
13:07 Town Watch
13:52 Stone Mining
20:24 Castle Age
20:15 Forging
21:34 Hand Cart
21:41 Heavy Plow
21:55 Bow Saw
22:31 Stone Shaft Mining
28:18 Fletching
28:28 Padded Archer Armor
29:00 Scale Barding Armor
29:58 Ballistics
29:34 Murder Holes
30:37 Bodkin Arrow
30:58 Leather Archer Armor
31:00 Husbandry
31:03 Light Cavalry
35:34 Imperial Age
34:04 Bloodlines
35:15 Chain Barding Armor
35:31 Iron Casting
36:20 Bracer
36:50 Ring Archer Armor
37:25 Plate Barding Armor
38:19 Blast Furnace
39:25 Squires
40:44 Hussar
43:37 Chemistry
44:50 Blast Furnace
49:07 Plate Barding Armor
Capt. Abisto
0:32 Loom
14:50 Feudal Age
17:01 Horse Collar
17:12 Double-Bit Axe
20:12 Castle Age
24:08 Fishing Lines
24:30 Heavy Plow
24:44 Bow Saw
26:32 Gillnets
30:07 Imperial Age
28:12 Gold Mining
28:14 Stone Mining
28:37 Forging
28:32 Scale Barding Armor
28:45 Treadmill Crane
29:29 Ballistics
29:59 Wheelbarrow
31:33 Hand Cart
32:03 Stone Shaft Mining
32:00 Crop Rotation
32:53 Chemistry
32:05 Fortified Wall
31:53 Murder Holes
32:04 Siege Engineers
33:52 Conscription
33:39 Szlachta Privileges
33:55 Lechitic Legacy
34:00 Chain Barding Armor
34:17 Iron Casting
35:34 Bloodlines
35:24 Husbandry
34:45 Cavalier
34:45 Light Cavalry
35:40 Winged Hussar
36:59 Hoardings
35:45 Elite Obuch
37:28 Blast Furnace
36:29 Scale Mail Armor
41:35 Bombard Tower
41:02 Arrowslits
41:29 Masonry
45:09 Capped Ram
48:03 Caravan
49:30 Siege Ram
zckaz123
13:44 Feudal Age
18:11 Castle Age
16:13 Fishing Lines
16:28 Double-Bit Axe
19:15 Wheelbarrow
20:42 Bow Saw
21:41 Hand Cart
22:06 Horse Collar
23:03 Heavy Plow
25:10 Gillnets
25:30 Gold Mining
25:57 Stone Mining
29:16 Padded Archer Armor
29:07 Fletching
31:49 Imperial Age
30:17 Ballistics
30:16 Leather Archer Armor
31:30 Bodkin Arrow
31:44 Thumb Ring
32:43 Gold Shaft Mining
32:59 Heavy Cavalry Archer
34:08 Parthian Tactics
34:18 Ring Archer Armor
33:48 Bracer
35:54 Two-Man Saw
36:59 Kataparuto
37:41 Kataparuto
38:43 Chemistry
38:01 Loom
38:04 Town Watch
39:18 Siege Engineers
39:47 Elite Samurai
47:39 Forging
47:29 Scale Mail Armor
gulu gulu
0:29 Loom
12:34 Feudal Age
19:44 Castle Age
17:41 Double-Bit Axe
29:07 Horse Collar
33:10 Imperial Age
32:10 Andean Sling
32:16 Heavy Plow
32:28 Bow Saw
32:28 Gold Mining
32:30 Stone Mining
33:49 Wheelbarrow
33:52 Gold Shaft Mining
33:54 Stone Shaft Mining
33:28 Fletching
33:38 Padded Archer Armor
34:01 Thumb Ring
35:22 Chemistry
34:59 Crop Rotation
34:45 Treadmill Crane
35:52 Hand Cart
35:12 Elite Skirmisher
36:42 Fabric Shields
37:03 Conscription
37:22 Hoardings
36:57 Bodkin Arrow
37:18 Leather Archer Armor
37:14 Forging
37:04 Scale Mail Armor
37:03 Town Watch
37:55 Squires
37:40 Arson
37:19 Elite Kamayuk
37:31 Pikeman
38:42 Halberdier
40:03 Iron Casting
39:29 Bracer
39:59 Ring Archer Armor
42:52 Blast Furnace
42:08 Chain Mail Armor
41:58 Crossbowman
43:53 Caravan
44:23 Coinage
44:03 Guilds
47:18 Banking
50:00 Plate Mail Armor
defendjuice
0:30 Loom
12:57 Feudal Age
14:14 Wheelbarrow
13:21 Horse Collar
13:31 Double-Bit Axe
20:13 Forging
20:03 Scale Mail Armor
19:54 Fletching
20:05 Padded Archer Armor
20:11 Scale Barding Armor
20:34 Gold Mining
23:22 Castle Age
21:18 Stone Mining
23:13 Arson
25:19 Hand Cart
25:34 Bow Saw
25:29 Heavy Plow
26:22 Gold Shaft Mining
26:29 Stone Shaft Mining
27:21 Bodkin Arrow
27:41 Leather Archer Armor
28:18 Chain Mail Armor
29:16 Iron Casting
29:24 Chain Barding Armor
33:50 Coinage
33:21 Caravan
33:44 Ballistics
33:20 Murder Holes
33:51 Heated Shot
34:12 Masonry
33:58 Guard Tower
34:34 Squires
34:20 Gambesons
38:05 Imperial Age
35:22 Town Watch
37:34 Town Patrol
38:55 Siege Engineers
39:26 Keep
38:37 Arrowslits
39:55 Chemistry
39:57 Blast Furnace
39:28 Plate Mail Armor
38:59 Bracer
40:20 Ring Archer Armor
40:48 Hoardings
40:34 Conscription
40:59 Elite Skirmisher
41:47 Thumb Ring
41:04 Cranequins
41:33 Elite Varangian Guard
41:35 Pikeman
41:49 Hamask
43:09 Elite Jomsviking
45:39 Heavy Scorpion
48:33 Northmen's Fury
PapaHewy
0:28 Loom
12:53 Feudal Age
15:10 Horse Collar
15:22 Double-Bit Axe
19:35 Castle Age
21:14 Bow Saw
21:04 Fletching
22:33 Heavy Plow
22:35 Crossbowman
25:41 Bodkin Arrow
27:26 Thumb Ring
28:10 Wheelbarrow
29:34 Hand Cart
30:55 Stone Mining
30:56 Gold Mining
34:48 Imperial Age
33:10 Ballistics
36:50 Chemistry
35:14 Arbalester
36:42 Squires
36:28 Gambesons
36:29 Arson
36:47 Bracer
38:26 Elite Varangian Guard
40:28 Onager
41:45 Forging
41:35 Scale Mail Armor
43:09 Iron Casting
43:01 Conscription
44:40 Gold Shaft Mining
47:58 Chain Mail Armor
49:13 Elite Skirmisher
Merginator44
0:32 Loom
15:04 Feudal Age
17:30 Horse Collar
17:43 Double-Bit Axe
17:50 Gold Mining
17:53 Stone Mining
18:09 Fishing Lines
20:58 Castle Age
23:40 Heavy Plow
24:40 Bow Saw
24:46 Murder Holes
25:13 Ballistics
26:21 Gillnets
27:09 Caravan
28:28 Wheelbarrow
27:39 Town Watch
30:15 Gold Shaft Mining
30:43 Hand Cart
30:37 Town Patrol
31:16 Fletching
31:27 Padded Archer Armor
31:39 Forging
31:35 Scale Barding Armor
34:58 Imperial Age
33:46 Treadmill Crane
34:16 Masonry
34:43 Bloodlines
34:33 Husbandry
35:45 Bodkin Arrow
36:05 Leather Archer Armor
36:26 Iron Casting
36:12 Chain Barding Armor
36:52 Architecture
38:13 Artillery
37:40 Elite Janissary
38:41 Conscription
38:57 Hoardings
37:52 Heavy Camel Rider
38:56 Bracer
39:06 Heavy Scorpion
43:21 Plate Barding Armor
上帝之鞭
0:55 Loom
12:22 Feudal Age
19:51 Double-Bit Axe
24:04 Castle Age
23:47 Gold Mining
23:50 Stone Mining
28:24 Fletching
29:29 Horse Collar
34:18 Wheelbarrow
34:24 Stone Shaft Mining
34:25 Gold Shaft Mining
34:05 Bow Saw
34:03 Padded Archer Armor
34:15 Bodkin Arrow
36:18 Husbandry
36:29 Bloodlines
41:51 Imperial Age
41:56 Leather Archer Armor
41:53 Forging
41:50 Scale Barding Armor
42:57 Elite Mangudai
44:05 Conscription
43:31 Elite Steppe Lancer
44:26 Heavy Plow
47:32 Ballistics
48:13 Chemistry
49:26 Bracer
50:03 Iron Casting
49:49 Chain Barding Armor
Connection lost

Rejoining the realm…

Still unreachable

The connection could not be restored.

Session expired

The server has moved on; the page needs a fresh start.